Map: Cyber Forest LE

Players

Ryosis - Winner!

  • Race: Zerg Zerg
  • Spawn Location: 5:00

Marinelord

  • Race: Terran Terran
  • Spawn Location: 11:00

Event: 2019 WCS Spring

VOD

Have the link to the VOD?

Description

Time

  • Played on: May 17, 2019, 6:40 a.m.
  • Length: 12:57

All games in this series

Show
View Real Time Build Order
Export as new Build Order

Ryosis Zerg - Winner!

Build Orders: Hatch First, Swarm Host 

Get SALT Encoding   

  12  0:00  Drone  
  13  0:12  Overlord  
  13  0:17  Drone  
  14  0:30  Drone x2  
  16  0:49  Hatchery  
  15  0:51  Drone  
  15  0:55  Drone  
  17  0:58  Drone  
  18  1:08  Extractor  
  17  1:13  Spawning Pool  
  17  1:17  Drone  
  17  1:20  Drone  
  18  1:28  Drone  
  19  1:39  Drone  
  20  1:50  Drone  
  21  2:00  Queen x2  
  25  2:01  Zergling x4  
  27  2:15  Hatchery  
  26  2:19  Overlord  
  26  2:22  Drone  
  27  2:25  Drone  
  28  2:34  Metabolic Boost  
  28  2:39  Drone x3  
  28  2:43  Drone  
  32  2:47  Overlord  
  32  2:54  Queen  
  32  2:56  Drone  
  35  2:59  Drone  
  37  3:05  Drone x2  
  37  3:10  Drone x2  
  40  3:17  Overlord  
  40  3:19  Drone x2  
  42  3:28  Queen  
  42  3:30  Queen  
  42  3:31  Zergling x2  
  42  3:32  Zergling x2  
  48  3:39  Zergling x2  
  48  3:40  Drone x2  
  50  3:45  Overlord  
  50  3:48  Drone  
  51  3:50  Drone  
  51  3:52  Drone  
  51  3:53  Drone  
  51  3:55  Overlord, Drone  
  55  4:04  Queen  
  55  4:06  Queen, Drone  
  60  4:10  Zergling x4  
  60  4:11  Lair  
  60  4:14  Drone  
  60  4:16  Drone x2  
  65  4:19  Drone  
  65  4:23  Drone  
  67  4:25  Spore Crawler  
  67  4:26  Spore Crawler  
  67  4:27  Spore Crawler, Drone  
  65  4:34  Spore Crawler, Drone  
  65  4:35  Baneling Nest  
  65  4:36  Drone  
  65  4:39  Drone x2  
  65  4:45  Drone x2  
  69  4:46  Overlord, Drone  
  69  4:47  Drone  
  72  4:52  Zergling x2  
  72  4:53  Zergling x4  
  73  5:00  Overlord  
  71  5:10  Zergling x8  
  68  5:17  Drone x2  
  68  5:18  Drone  
  68  5:20  Queen  
  59  5:22  Drone x3  
  59  5:25  Drone x3  
  60  5:31  Drone  
  60  5:34  Drone x2  
  60  5:36  Queen  
  60  5:38  Drone  
  63  5:43  Drone  
  63  5:44  Queen  
  63  5:45  Evolution Chamber  
  63  5:46  Extractor x2  
  63  5:47  Evolution Chamber, Extractor, Drone  
  63  5:48  Extractor  
  61  5:50  Drone  
  61  5:54  Drone  
  61  5:55  Queen  
  61  5:56  Drone  
  64  6:00  Drone  
  65  6:06  Drone x2  
  60  6:16  Zergling x4  
  60  6:17  Zergling x2  
  61  6:21  Drone, Zerg Missile Weapons Level 1, Zerg Ground Armor Level 1  
  61  6:24  Roach Warren  
  61  6:27  Drone x2  
  61  6:29  Drone x2  
  61  6:30  Overseer  
  61  6:31  Drone  
  66  6:35  Drone  
  66  6:37  Drone  
  66  6:38  Drone  
  69  6:43  Drone  
  69  6:45  Drone  
  71  6:49  Drone x3  
  71  6:50  Drone  
  75  6:57  Drone x3  
  75  6:58  Hatchery, Drone  
  75  7:00  Overlord  
  78  7:05  Extractor  
  78  7:08  Infestation Pit, Roach x3  
  82  7:09  Glial Reconstitution, Overlord  
  82  7:17  Overlord  
  82  7:22  Drone x3  
  85  7:24  Roach  
  85  7:25  Roach  
  85  7:26  Overlord  
  85  7:27  Overlord  
  89  7:32  Roach  
  91  7:40  Roach x2  
  91  7:41  Queen x2  
  91  7:43  Overlord  
  99  7:49  Drone x4  
  100  7:52  Drone  
  101  8:04  Extractor  
  98  8:07  Roach  
  98  8:08  Roach x6  
  98  8:09  Ravager x2  
  111  8:13  Overlord x2  
  109  8:20  Swarm Host  
  109  8:21  Swarm Host x4  
  124  8:28  Swarm Host  
  124  8:29  Zergling x2  
  124  8:31  Overlord  
  124  8:33  Swarm Host x3  
  137  8:37  Ravager  
  137  8:38  Ravager  
  137  8:39  Swarm Host  
  142  8:43  Ravager x2  
  142  8:45  Overlord  
  144  8:49  Overlord  
  144  8:52  Drone  
  144  8:54  Swarm Host  
  144  8:55  Zergling x8  
  150  8:59  Overseer  
  150  9:01  Ravager  
  150  9:02  Ravager  
  148  9:03  Overlord  
  148  9:04  Roach x4  
  148  9:07  Queen, Drone x2  
  151  9:13  Roach x3  
  153  9:20  Ravager x4  
  154  9:28  Roach x6  
  162  9:36  Roach x5  
  162  9:38  Zergling x4  
  174  9:45  Zergling x6  
  174  9:50  Zergling x2  
  172  9:56  Zergling x14  
  172  9:57  Zergling x4  
  172  9:58  Overlord x2  
  146  10:08  Queen  
  146  10:10  Queen  
  146  10:11  Roach x2  
  144  10:18  Roach  
  144  10:19  Roach x3  
  131  10:30  Roach x6  
  134  10:40  Roach x5  
  141  10:44  Queen  
  141  10:49  Zergling x4  
  133  10:56  Swarm Host x4  
  143  11:00  Ravager  
  143  11:04  Ravager  
  143  11:07  Zergling x2  
  143  11:08  Zergling x2  
  145  11:11  Overseer  
  145  11:16  Roach x9  
  156  11:23  Queen x2  
  152  11:26  Queen  
  152  11:28  Overseer  
  152  11:29  Overseer  
  152  11:32  Zergling x10  
  138  11:42  Roach x5  
  138  11:45  Drone x2  
  140  11:58  Drone x2  
  140  11:59  Drone  
  140  12:00  Ravager x4  
  140  12:01  Ravager x6  
  147  12:06  Ravager  
  147  12:07  Zergling x18  
  157  12:15  Ravager x4  
  161  12:17  Overlord x3  
  161  12:19  Overseer x2  
  161  12:20  Overseer  
  161  12:23  Extractor  
  161  12:25  Overlord  
  161  12:26  Extractor  
  157  12:32  Overlord x2  
  157  12:33  Overseer x2  
Show
View Real Time Build Order
Export as new Build Order

Marinelord Terran 

Build Orders: Gas First Reaper Expand, Hellion Banshee 

Get SALT Encoding   

  12  0:00  SCV  
  13  0:12  SCV  
  14  0:16  Supply Depot  
  14  0:24  SCV  
  14  0:27  Refinery  
  15  0:38  SCV  
  16  0:44  Barracks  
  16  0:50  SCV  
  17  1:02  SCV  
  18  1:14  SCV  
  19  1:31  Reaper, Orbital Command  
  20  1:44  Command Center  
  20  1:55  Factory  
  20  1:59  SCV  
  21  2:05  Barracks Reactor  
  21  2:10  Supply Depot  
  21  2:13  SCV  
  22  2:16  Refinery  
  22  2:25  SCV  
  23  2:37  SCV  
  23  2:42  Starport  
  24  2:49  SCV, Hellion  
  27  2:52  Hellion  
  29  3:00  Orbital Command  
  29  3:02  Barracks Tech Lab  
  29  3:03  SCV  
  30  3:15  SCV  
  30  3:16  Hellion x2  
  35  3:25  SCV  
  37  3:27  SCV  
  37  3:33  Banshee, Cloaking Field  
  40  3:38  Supply Depot  
  40  3:39  SCV  
  41  3:44  SCV  
  44  3:48  Hellion  
  44  3:49  Hellion  
  46  4:00  SCV x2  
  46  4:01  Supply Depot  
  48  4:03  Armory  
  48  4:12  SCV, Hellion x2  
  48  4:16  SCV  
  54  4:22  Banshee  
  57  4:24  Supply Depot  
  57  4:28  SCV  
  57  4:29  SCV, Marine  
  60  4:40  SCV  
  60  4:41  SCV  
  62  4:48  Supply Depot  
  62  4:51  Command Center  
  63  4:52  SCV  
  63  4:54  SCV  
  64  5:01  Hellion  
  64  5:04  SCV  
  64  5:06  SCV  
  65  5:12  Hellion  
  63  5:17  SCV  
  63  5:18  SCV  
  65  5:22  Hellion  
  65  5:26  Refinery x2  
  65  5:29  SCV  
  65  5:30  SCV  
  65  5:34  Hellion  
  60  5:35  Banshee  
  60  5:41  SCV  
  60  5:42  Terran Vehicle Weapons Level 1  
  62  5:44  Armory, Hellion  
  62  5:45  SCV  
  65  5:53  SCV, Factory  
  65  5:55  Factory  
  66  5:57  SCV  
  67  6:05  SCV  
  67  6:07  Hellion x2  
  67  6:09  SCV  
  73  6:16  Orbital Command  
  73  6:17  SCV  
  72  6:19  Banshee  
  72  6:21  SCV  
  72  6:24  Factory  
  72  6:25  Factory  
  76  6:29  SCV  
  77  6:33  SCV  
  77  6:34  Hyperflight Rotors  
  77  6:35  Terran Vehicle And Ship Armor Level 1, Orbital Command  
  77  6:37  Factory Tech Lab  
  77  6:39  Factory Tech Lab, Refinery  
  78  6:41  SCV  
  78  6:43  Refinery  
  78  6:45  SCV  
  80  6:53  SCV, Hellion x2  
  85  6:57  SCV  
  85  7:00  Cyclone x2  
  92  7:04  SCV  
  93  7:16  SCV x3, Banshee, Supply Depot  
  93  7:17  Supply Depot  
  93  7:18  Supply Depot x2  
  93  7:19  Factory Reactor, Factory Tech Lab  
  93  7:20  Mag-Field Accelerator  
  99  7:28  SCV  
  99  7:29  SCV x2  
  100  7:38  Hellion x2, Cyclone  
  100  7:39  Cyclone  
  100  7:41  SCV x3  
  113  7:53  SCV x3  
  113  7:58  Command Center  
  116  8:00  Banshee  
  116  8:04  Cyclone  
  116  8:05  SCV x3  
  121  8:11  Hellion x2  
  113  8:16  Terran Vehicle Weapons Level 2  
  113  8:17  SCV x3  
  114  8:23  Cyclone x2  
  114  8:24  Hellion x2  
  124  8:29  SCV x3, Supply Depot  
  124  8:30  Supply Depot  
  124  8:32  Supply Depot  
  124  8:33  Infernal Pre-Igniter  
  127  8:34  Terran Vehicle And Ship Armor Level 2  
  127  8:42  Supply Depot  
  127  8:43  Supply Depot  
  127  8:44  Supply Depot  
  127  8:49  Cyclone  
  127  8:52  Hellion x3, Banshee  
  139  9:05  Cyclone x2  
  139  9:06  Hellion  
  142  9:13  Hellion  
  142  9:15  Orbital Command  
  144  9:21  Hellion x2, Cyclone  
  144  9:35  Banshee  
  144  9:37  Cyclone x2  
  150  9:38  Refinery  
  150  9:39  Refinery  
  150  9:40  Factory x2  
  150  9:42  Factory  
  143  9:54  Cyclone  
  143  9:58  Hellion x4  
  127  10:01  SCV  
  106  10:09  Cyclone x2  
  106  10:11  SCV  
  106  10:14  SCV  
  106  10:19  Hellion x3  
  99  10:21  Banshee  
  99  10:26  Cyclone  
  96  10:31  SCV  
  96  10:32  SCV  
  96  10:33  SCV  
  69  10:43  SCV  
  69  10:44  SCV  
  69  10:48  SCV  
  63  10:55  SCV  
  63  10:56  SCV  
  65  11:00  SCV  
  64  11:07  SCV  
  64  11:08  SCV  
  65  11:11  Orbital Command  
  60  11:19  SCV  
  60  11:20  SCV, Cyclone x2  
  60  11:21  Orbital Command  
  65  11:31  SCV  
  59  11:32  SCV  
  59  11:36  Cyclone  
  59  11:38  SCV  
  62  11:43  SCV  
  62  11:45  SCV  
  58  11:48  SCV  
  58  11:50  SCV  
  58  11:55  SCV  
  58  11:57  SCV  
  58  12:00  SCV, Cyclone x2  
  67  12:02  SCV  
  67  12:03  Banshee  
  67  12:07  SCV  
  67  12:08  Cyclone  
  75  12:09  SCV  
  75  12:12  SCV  
  75  12:14  SCV  
  78  12:19  SCV  
  78  12:21  SCV, Hellion x4  
  87  12:24  SCV  
  87  12:26  SCV  
  87  12:32  SCV  
  87  12:33  SCV  
  87  12:36  SCV, Refinery  
  90  12:39  SCV  
  90  12:44  SCV  
  98  12:51  Refinery  
Tags
 
Add a new tag
Caveats
  • Supply blocks, unpowered buildings, or Contaminate may cause inaccurate times.
  • Supply counts are checked every 10 seconds.